TOP OF THE 1ST |
Irvine Gang Green batting - Pitching for So Cal Bruins : RHP Jeffrey King
|
Pitching: RHP Jeffrey King
|
|
Batting: RHB Tom Doherty
|
0-0: SINGLE (Line Drive, 6MD)
|
Batting: RHB José Salazar
|
0-0: Ball 1-0: Foul Ball, location: 2F 1-1: SINGLE (Groundball, 6MD) Tom Doherty to second
|
Batting: RHB Buck Jones
|
0-0: Ball 1-0: Foul Ball, location: 2F 1-1: Ball 2-1: Ball 3-1: Called Strike 3-2: SINGLE (Groundball, 6D) Tom Doherty to third José Salazar to second Runner from 3rd tries for Home, SAFE, throw made home José Salazar to third Buck Jones to second
|
Batting: LHB Víctor Quiñones
|
0-0: Ball 1-0: Foul Ball, location: 2F 1-1: Called Strike 1-2: Foul Ball, location: 2F 1-2: Ball 2-2: Ground out U3 (Groundball, 3L)
|
Batting: LHB Frank Geddes
|
0-0: Ball 1-0: Swinging Strike 1-1: Ball 2-1: Foul Ball, location: 2F 2-2: Ball 3-2: SINGLE (Groundball, 56D) José Salazar scores Buck Jones to third Runner from 3rd tries for Home, SAFE, throw made home Frank Geddes to second
|
Batting: RHB Tyler Wagner
|
0-0: Called Strike 0-1: Ball 1-1: Ball 2-1: Ball 3-1: SINGLE (Line Drive, 8LS) Frank Geddes to third
|
Batting: LHB Tom Baker
|
0-0: Called Strike 0-1: Foul Ball, location: 2F 0-2: Strikes out looking
|
Batting: RHB Ronnie Brown
|
0-0: Ball 1-0: Fly out, F7 (Flyball, 78D)
|
Top of the 1st over - 3 run(s), 5 hit(s), 0 error(s), 2 left on base; Irvine 3 - So Cal 0 |
BOTTOM OF THE 1ST |
So Cal Bruins batting - Pitching for Irvine Gang Green : RHP Jung Chwa
|
Pitching: RHP Jung Chwa
|
|
Batting: RHB Eugene Gill
|
0-0: Foul Ball, location: 2F 0-1: Ball 1-1: Ball 2-1: SINGLE (Groundball, 4D)
|
Batting: RHB Lawrence Schroeder
|
0-0: SINGLE (Line Drive, 9S) Eugene Gill to second
|
Batting: RHB Earl Wiggins
|
0-0: Called Strike 0-1: Foul Ball, location: 2F 0-2: SINGLE (Line Drive, 4D) Eugene Gill to third Lawrence Schroeder to second Runner from 3rd tries for Home, SAFE, throw made at trailing runner, OUT at third!
|
Batting: LHB José Antonio Santiago
|
0-0: Ball 1-0: Ball 2-0: Swinging Strike 2-1: Foul Ball, location: 2F 2-2: Ball 3-2: Foul Ball, location: 2F 3-2: Foul Ball, location: 2F 3-2: Fielders Choice at 2nd, 4-6 (Groundball, 4M)
|
Batting: RHB Rubén Calderón
|
0-0: Called Strike 0-1: Ball 1-1: Ball 2-1: Ground out 5-3 (Groundball, 56S)
|
Bottom of the 1st over - 1 run(s), 3 hit(s), 0 error(s), 1 left on base; Irvine 3 - So Cal 1 |
TOP OF THE 2ND |
Irvine Gang Green batting - Pitching for So Cal Bruins : RHP Jeffrey King
|
Batting: RHB Aaron Wilson
|
0-0: Ball 1-0: Ball 2-0: Called Strike 2-1: Swinging Strike 2-2: Foul Ball, location: 2F 2-2: Ball 3-2: Strikes out swinging
|
Batting: RHB Tom Doherty
|
0-0: Ground out 1-3 (Groundball, 13)
|
Batting: RHB José Salazar
|
0-0: Swinging Strike 0-1: Swinging Strike 0-2: Ball 1-2: Strikes out looking
|
Top of the 2nd over - 0 run(s), 0 hit(s), 0 error(s), 0 left on base; Irvine 3 - So Cal 1 |
BOTTOM OF THE 2ND |
So Cal Bruins batting - Pitching for Irvine Gang Green : RHP Jung Chwa
|
Batting: LHB Kiyonaga Morita
|
0-0: Ball 1-0: Foul Ball, location: 2F 1-1: Ball 2-1: Swinging Strike 2-2: Strikes out swinging
|
Batting: LHB Jeff Carter
|
0-0: Ball 1-0: Foul Ball, location: 2F 1-1: DOUBLE (Flyball, 8LXD)
|
Batting: LHB César Valentín
|
0-0: Called Strike 0-1: Foul Ball, location: 2F 0-2: Ball 1-2: 2-RUN HOME RUN (Flyball, 9D), Distance : 365 ft
|
Batting: LHB Phil Smith
|
0-0: Called Strike 0-1: Ball 1-1: Foul Ball, location: 2F 1-2: Foul Ball, location: 2F 1-2: SINGLE (Groundball, 6D)
|
Batting: RHB Eugene Gill
|
0-0: Called Strike 0-1: Ball 1-1: Ball 2-1: Ball 3-1: Grounds into double play, 5-4-3 (Groundball, 56)
|
Bottom of the 2nd over - 2 run(s), 3 hit(s), 0 error(s), 0 left on base; Irvine 3 - So Cal 3 |
TOP OF THE 3RD |
Irvine Gang Green batting - Pitching for So Cal Bruins : RHP Jeffrey King
|
Batting: RHB Buck Jones
|
0-0: Foul Ball, location: 2F 0-1: Ball 1-1: Foul Ball, location: 2F 1-2: Foul Ball, location: 2F 1-2: Fly out, F9 (Flyball, 9S)
|
Batting: LHB Víctor Quiñones
|
0-0: Ball 1-0: Ball 2-0: Ball 3-0: Called Strike 3-1: Base on Balls
|
Batting: LHB Frank Geddes
|
0-0: Ball 1-0: SINGLE (Groundball, 34D) Víctor Quiñones to second
|
Batting: RHB Tyler Wagner
|
0-0: Ball 1-0: Foul Ball, location: 2F 1-1: Ball 2-1: Ball 3-1: Called Strike 3-2: Grounds into double play, 5-4-3 (Groundball, 5)
|
Top of the 3rd over - 0 run(s), 1 hit(s), 0 error(s), 1 left on base; Irvine 3 - So Cal 3 |
BOTTOM OF THE 3RD |
So Cal Bruins batting - Pitching for Irvine Gang Green : RHP Jung Chwa
|
Batting: RHB Lawrence Schroeder
|
0-0: Ground out 4-3 (Groundball, 4)
|
Batting: RHB Earl Wiggins
|
0-0: Fly out, F5 (Line Drive, 5)
|
Batting: LHB José Antonio Santiago
|
0-0: Ball 1-0: Called Strike 1-1: Ball 2-1: Ground out 4-3 (Groundball, 4)
|
Bottom of the 3rd over - 0 run(s), 0 hit(s), 0 error(s), 0 left on base; Irvine 3 - So Cal 3 |
TOP OF THE 4TH |
Irvine Gang Green batting - Pitching for So Cal Bruins : RHP Jeffrey King
|
Batting: LHB Tom Baker
|
0-0: Ball 1-0: Foul Ball, location: 2F 1-1: Called Strike 1-2: Strikes out looking
|
Batting: RHB Ronnie Brown
|
0-0: Ball 1-0: Ball 2-0: Swinging Strike 2-1: Called Strike 2-2: Strikes out swinging
|
Batting: RHB Aaron Wilson
|
0-0: SINGLE (Groundball, 25) (infield hit)
|
Batting: RHB Tom Doherty
|
0-0: Called Strike 0-1: Ball 1-1: Foul Ball, location: 2F 1-2: Ball 2-2: Strikes out swinging
|
Top of the 4th over - 0 run(s), 1 hit(s), 0 error(s), 1 left on base; Irvine 3 - So Cal 3 |
BOTTOM OF THE 4TH |
So Cal Bruins batting - Pitching for Irvine Gang Green : RHP Jung Chwa
|
Batting: RHB Rubén Calderón
|
0-0: Ball 1-0: Ball 2-0: Fly out, F7 (Flyball, 7)
|
Batting: LHB Kiyonaga Morita
|
0-0: Foul Ball, location: 2F 0-1: Ball 1-1: Swinging Strike 1-2: Ground out 1-3 (Groundball, 15)
|
Batting: LHB Jeff Carter
|
0-0: Foul Ball, location: 2F 0-1: Called Strike 0-2: Ball 1-2: Fly out, F3 (Popup, 3)
|
Bottom of the 4th over - 0 run(s), 0 hit(s), 0 error(s), 0 left on base; Irvine 3 - So Cal 3 |
TOP OF THE 5TH |
Irvine Gang Green batting - Pitching for So Cal Bruins : RHP Jeffrey King
|
Batting: RHB José Salazar
|
0-0: Ball 1-0: Ball 2-0: Ball 3-0: Base on Balls
|
Batting: RHB Buck Jones
|
Pickoff Throw to First - Out! 0-0: Ball 1-0: Ground out 4-3 (Groundball, 4MS)
|
Batting: LHB Víctor Quiñones
|
0-0: Called Strike 0-1: Ground out 4-3 (Groundball, 4)
|
Top of the 5th over - 0 run(s), 0 hit(s), 0 error(s), 0 left on base; Irvine 3 - So Cal 3 |
BOTTOM OF THE 5TH |
So Cal Bruins batting - Pitching for Irvine Gang Green : RHP Jung Chwa
|
Batting: LHB César Valentín
|
0-0: Ball 1-0: DOUBLE (Flyball, 78D)
|
Batting: LHB Phil Smith
|
0-0: Ball Wild Pitch! César Valentín to third 1-0: Called Strike 1-1: Foul Ball, location: 2F 1-2: Ball 2-2: SINGLE (Line Drive, 4M) César Valentín scores
|
Pitching: RHP Alfredo Montalvo
|
|
Batting: RHB Eugene Gill
|
0-0: Fielders Choice at 2nd, 4-6 (Groundball, 4)
|
Batting: RHB Lawrence Schroeder
|
0-0: Ball 1-0: SINGLE (Line Drive, 9S) Eugene Gill to second
|
Batting: RHB Earl Wiggins
|
0-0: Ball 1-0: Called Strike 1-1: Foul Ball, location: 2F 1-2: Strikes out swinging
|
Batting: LHB José Antonio Santiago
|
0-0: Called Strike 0-1: Ball 1-1: Fly out, F8 (Flyball, 89XD)
|
Bottom of the 5th over - 1 run(s), 3 hit(s), 0 error(s), 2 left on base; Irvine 3 - So Cal 4 |
TOP OF THE 6TH |
Irvine Gang Green batting - Pitching for So Cal Bruins : RHP Jeffrey King
|
Batting: LHB Frank Geddes
|
0-0: Called Strike 0-1: Foul Ball, location: 2F 0-2: Ground out U3 (Groundball, 3S)
|
Batting: RHB Tyler Wagner
|
0-0: Called Strike 0-1: Ball 1-1: Swinging Strike 1-2: Foul Ball, location: 2F 1-2: SINGLE (Line Drive, 6D)
|
Batting: LHB Tom Baker
|
0-0: Ball 1-0: Fielders Choice at 2nd, 4-6 (Groundball, 4)
|
Batting: RHB Ronnie Brown
|
0-0: Called Strike 0-1: Swinging Strike 0-2: Ball 1-2: Ball 2-2: Fly out, F7 (Flyball, 7)
|
Top of the 6th over - 0 run(s), 1 hit(s), 0 error(s), 1 left on base; Irvine 3 - So Cal 4 |
BOTTOM OF THE 6TH |
So Cal Bruins batting - Pitching for Irvine Gang Green : RHP Alfredo Montalvo
|
Batting: RHB Rubén Calderón
|
0-0: Ball 1-0: Foul Ball, location: 2F 1-1: SINGLE (Line Drive, 9S)
|
Batting: LHB Kiyonaga Morita
|
0-0: Called Strike 0-1: Ball 1-1: Ball 2-1: Ball 3-1: Base on Balls Rubén Calderón to second
|
Batting: LHB Jeff Carter
|
0-0: Ball 1-0: Ball 2-0: Ball 3-0: Called Strike 3-1: Base on Balls Rubén Calderón to third Kiyonaga Morita to second
|
Batting: LHB César Valentín
|
0-0: Grounds into fielders choice 5-2 (Groundball, 56S) Kiyonaga Morita to third Jeff Carter to second
|
Batting: LHB Phil Smith
|
0-0: Ball 1-0: Ball 2-0: Foul Ball, location: 2F 2-1: Ball 3-1: Base on Balls Kiyonaga Morita scores Jeff Carter to third César Valentín to second
|
Batting: RHB Eugene Gill
|
0-0: Foul Ball, location: 2F 0-1: Ball 1-1: Grounds into double play, 3-2-3 (Groundball, 3S)
|
Bottom of the 6th over - 1 run(s), 1 hit(s), 0 error(s), 2 left on base; Irvine 3 - So Cal 5 |
TOP OF THE 7TH |
Irvine Gang Green batting - Pitching for So Cal Bruins : RHP Jeffrey King
|
Batting: RHB Aaron Wilson
|
0-0: Fly out, F4 (Line Drive, 4)
|
Batting: RHB Tom Doherty
|
0-0: Ground out 5-3 (Groundball, 56)
|
Batting: RHB José Salazar
|
0-0: Ball 1-0: Called Strike 1-1: Foul Ball, location: 2F 1-2: Ball 2-2: Ball 3-2: Foul Ball, location: 2F 3-2: Foul Ball, location: 2F 3-2: Fly out, F8 (Flyball, 8LM)
|
Top of the 7th over - 0 run(s), 0 hit(s), 0 error(s), 0 left on base; Irvine 3 - So Cal 5 |
BOTTOM OF THE 7TH |
So Cal Bruins batting - Pitching for Irvine Gang Green : RHP Alfredo Montalvo
|
Batting: RHB Lawrence Schroeder
|
0-0: Ball 1-0: Ground out 1-3 (Groundball, P)
|
Batting: RHB Earl Wiggins
|
0-0: Called Strike 0-1: Ball 1-1: SINGLE (Groundball, 34D)
|
Pitching: LHP Yu-shu Kong
|
|
Batting: LHB José Antonio Santiago
|
0-0: Ball 1-0: Swinging Strike 1-1: Foul Ball, location: 2F 1-2: Strikes out swinging
|
Batting: RHB Rubén Calderón
|
0-0: Called Strike 0-1: Ball 1-1: Called Strike 1-2: Strikes out swinging
|
Bottom of the 7th over - 0 run(s), 1 hit(s), 0 error(s), 1 left on base; Irvine 3 - So Cal 5 |
TOP OF THE 8TH |
Irvine Gang Green batting - Pitching for So Cal Bruins : RHP Jeffrey King
|
Batting: RHB Buck Jones
|
0-0: Swinging Strike 0-1: Fly out, F8 (Line Drive, 8RD)
|
Batting: LHB Víctor Quiñones
|
0-0: Ball 1-0: Foul Ball, location: 2F 1-1: Ball 2-1: Ball 3-1: Called Strike 3-2: Foul Ball, location: 2F 3-2: DOUBLE (Line Drive, 78M)
|
Pitching: RHP Kitahachi Okada
|
|
Batting: LHB Frank Geddes
|
0-0: Foul Ball, location: 2F 0-1: Reached on error, E6 (Groundball, 6) Víctor Quiñones to third
|
Pitching: RHP Masahiko Okada
|
|
Pinch Hitting: LHB Leonardo Medina
|
0-0: Grounds into double play, 4-6-3 (Groundball, 4)
|
Top of the 8th over - 0 run(s), 1 hit(s), 1 error(s), 1 left on base; Irvine 3 - So Cal 5 |
BOTTOM OF THE 8TH |
So Cal Bruins batting - Pitching for Irvine Gang Green : LHP Yu-shu Kong
|
Now in LF: Leonardo Medina
|
|
Batting: LHB Kiyonaga Morita
|
0-0: Foul Ball, location: 2F 0-1: Foul Ball, location: 2F 0-2: Ball 1-2: Ball 2-2: Ball 3-2: Ground out 1-3 (Groundball, 13S)
|
Batting: LHB Jeff Carter
|
0-0: Swinging Strike 0-1: Ball 1-1: Swinging Strike 1-2: Foul Ball, location: 2F 1-2: Strikes out swinging
|
Batting: LHB César Valentín
|
0-0: Called Strike 0-1: Foul Ball, location: 2F 0-2: Ball 1-2: Strikes out swinging
|
Bottom of the 8th over - 0 run(s), 0 hit(s), 0 error(s), 0 left on base; Irvine 3 - So Cal 5 |
TOP OF THE 9TH |
Irvine Gang Green batting - Pitching for So Cal Bruins : RHP Masahiko Okada
|
Pitching: RHP Marty Burgess
|
|
Batting: LHB Tom Baker
|
0-0: SINGLE (Line Drive, 9S)
|
Pinch Hitting: LHB José Sánchez
|
0-0: Called Strike 0-1: Foul Ball, location: 2F 0-2: Fly out, F6 (Line Drive, 6M)
|
Pinch Hitting: RHB Eichiro Yamamoto
|
0-0: Ground out 4-3 (Groundball, 4S) Tom Baker to second
|
Batting: RHB Tom Doherty
|
0-0: Foul Ball, location: 2F 0-1: Swinging Strike 0-2: Foul Ball, location: 2F 0-2: Ground out 4-3 (Groundball, 4)
|
Top of the 9th over - 0 run(s), 1 hit(s), 0 error(s), 1 left on base; Irvine 3 - So Cal 5 |
|